 Dungeon Crawl Stone Soup version 0.31-a0-161-gb58dd9be76 (webtiles) character file.

Game seed: 7923794138171561851

534 Serulin the Trooper (level 7, -1/44 HPs)
             Began as a Gargoyle Fighter on June 13, 2023.
             Slain by Edmund
             ... wielding a +2 dire flail of protection
              (6 damage)
             ... on level 4 of the Dungeon.
             The game lasted 00:05:33 (3423 turns).

Serulin the Trooper (Gargoyle Fighter)              Turns: 3423, Time: 00:05:34

Health: -1/44      AC: 12    Str: 22    XL:     7   Next: 25%
Magic:  7/7        EV:  9    Int:  8    God:
Gold:   137        SH:  4    Dex:  9    Spells: 6/6 levels left

rFire   . . .        t - +0 flail (holy)
rCold   . . .        c - +0 buckler
rNeg    + . .        b - +0 scale mail
rPois   ∞            (no helmet)
rElec   +            (no cloak)
rCorr   .            (no gloves)
SInv    .            (no boots)
Will    .....        o - amulet of faith Stlth
                     (no ring)
HPRegen 0.27/turn    (no ring)
MPRegen 0.10/turn

%: faith
@: no status effects
A: sickness immunity, AC +4, negative energy resistance 1, electricity
resistance, torment resistance 1, petrification resistance
a: no special abilities


You were on level 4 of the Dungeon.
You visited 1 branch of the dungeon, and saw 4 of its levels.

You collected 137 gold pieces.

Inventory:

Hand Weapons
 t - a +0 flail of holy wrath (weapon)
Armour
 b - a +0 scale mail (worn)
 c - a +0 buckler (worn)
Jewellery
 o - an amulet of faith (around neck)
Scrolls
 g - 3 scrolls of teleportation {unknown}
 i - 2 scrolls of revelation {unknown}
 j - a scroll of identify {unknown}
 k - a scroll of noise {unknown}
 n - a scroll of fear {unknown}
 p - a scroll of silence {unknown}
 q - a scroll of butterflies {unknown}
Potions
 d - 2 potions of might
 e - a potion of attraction {unknown}
 f - 5 potions of heal wounds {unknown}
 h - a potion of cancellation {unknown}
 l - a potion of resistance {unknown}
 m - 3 potions of haste {unknown}
 r - 2 potions of mutation {unknown}
 s - a potion of brilliance {unknown}


   Skills:
 + Level 5.2 Fighting
 + Level 4.1 Maces & Flails
 + Level 5.2 Armour
 + Level 5.2 Shields


You had 6 spell levels left.
You didn't know any spells.
Your spell library contained the following spells:

 Spells                   Type           Power      Damage    Failure   Level
 Magic Dart               Conj           0%         1d3       78%         1
 Call Imp                 Summ           0%         N/A       89%         2
 Gell's Gravitas          Tloc           0%         N/A       98%         3
 Mephitic Cloud           Conj/Pois/Air  0%         N/A       98%         3
 Summon Guardian Golem    Hex/Summ       0%         N/A       98%         3
 Teleport Other           Tloc           0%         N/A       98%         3
 Dispersal                Tloc           0%         N/A       100%        6
 Orb of Destruction       Conj           0%         9d5       100%        7
 Spellforged Servitor     Conj/Summ      0%         N/A       100%        7
 Storm Form               Tmut/Air       0%         N/A       100%        7
 Maxwell's Capacitive Co  Air            0%         ∞         100%        8


Dungeon Overview and Level Annotations

Branches:
Dungeon (4/15)
 Temple: D:4-7

Altars:
Ru
Yredelemnul

Annotations:
D:4 Edmund


Innate Abilities, Weirdness & Mutations

You are immune to sickness and miasma.
Your stone body is resilient. (AC +4)
You are immune to poison.
You resist negative energy. (rN+)
You are resistant to electric shocks. (rElec)
You are resistant to unholy torment.
You are immune to petrification.


Message History

The puff of flame hits you but does no damage.
You hit Ijyb.
Ijyb is heavily wounded.
Ijyb zaps a wand.
The puff of flame hits you but does no damage.
You sock Ijyb!
You kill Ijyb!
You hit Edmund.
Edmund is lightly wounded.
Edmund hits you but does no damage.
You hit Edmund but do no damage.
Edmund is lightly wounded.
Edmund hits you with a +2 dire flail of protection.
Edmund hits you but does no damage.
You closely miss Edmund.
Edmund is lightly wounded.
Edmund hits you with a +2 dire flail of protection.
You hit Edmund.
Edmund is lightly wounded.
Edmund hits you with a +2 dire flail of protection.
Unknown command.
You closely miss Edmund.
Edmund is lightly wounded.
Edmund hits you with a +2 dire flail of protection.
You barely miss Edmund.
Edmund is lightly wounded.
Edmund closely misses you.
Edmund hits you with a +2 dire flail of protection.
* * * LOW HITPOINT WARNING * * *
You barely miss Edmund.
Edmund is lightly wounded.
Edmund hits you with a +2 dire flail of protection!
* * * LOW HITPOINT WARNING * * *
You closely miss Edmund.
Edmund is lightly wounded.
Edmund closely misses you.
You hit Edmund but do no damage.
Edmund is lightly wounded.
Edmund hits you with a +2 dire flail of protection.
You die...

#.......#.# ...###<
#.......#.# |...[..
#......... .......
###.....#.### .......
#............ .......
#.#.###.##### .......
#.#.#.)).....
.......######.#.#.#)#####
......g@@.....#.#.#.#
...##########.#.#.#.#
..#.#.#.# ...#.#.#.# ###
....#.#.#.# ..# .....#
#.#.# #.# ......# #.# #.#
.......# #.# #.# #.#


You could see Edmund and a goblin.

Vanquished Creatures
  Sigmund (D:3)
  Eustachio (D:4)
  An orc priest (D:3)
  Ijyb (D:4)
  7 gnolls
  4 adders
  A worm (D:2)
  5 dart slugs
  11 orcs (D:3)
  2 ball pythons
  2 bats
  8 endoplasms
  6 giant cockroaches
  3 goblins
  3 hobgoblins
  4 jackals (D:1)
  2 frilled lizards (D:2)
  8 kobolds
  2 rats
72 creatures vanquished.

Notes
Turn   | Place    | Note
-------+----------+-------------------------------------------
     0 | D:1      | Serulin the Gargoyle Fighter began the quest for the Orb.
     0 | D:1      | Reached XP level 1. HP: 14/14 MP: 1/1
   511 | D:1      | Reached XP level 2. HP: 19/19 MP: 2/2
  1166 | D:2      | Reached XP level 3. HP: 23/23 MP: 3/3
  1664 | D:2      | Reached XP level 4. HP: 22/29 MP: 4/4
  2187 | D:3      | Found a faded altar of an unknown god.
  2265 | D:3      | Reached XP level 5. HP: 21/33 MP: 5/5
  2430 | D:3      | Noticed Sigmund
  2462 | D:3      | Killed Sigmund
  2463 | D:3      | Reached XP level 6. HP: 12/39 MP: 6/6
  2885 | D:3      | Found a basalt altar of Yredelemnul.
  2885 | D:3      | Found a sacrificial altar of Ru.
  3170 | D:4      | Noticed Eustachio
  3183 | D:4      | Killed Eustachio
  3184 | D:4      | Reached skill level 5 in Fighting
  3184 | D:4      | Reached skill level 5 in Armour
  3184 | D:4      | Reached skill level 5 in Shields
  3184 | D:4      | Reached XP level 7. HP: 40/44 MP: 7/7
  3404 | D:4      | Noticed Edmund
  3406 | D:4      | Noticed Ijyb
  3414 | D:4      | Killed Ijyb
  3423 | D:4      | Slain by Edmund

Illustrated notes

Levels and vault maps discovered:
D:1:      scummos_arrival_simple_crosswalls, layout_basic
D:2:      layout_basic
D:3:      layout_loops_cross, gammafunk_temple_overflow_wave,
          shapermc_ecumenical_altar_mp_ritualfount, st_stairs_14,
          minmay_misc_feat_x, uniq_sigmund
D:4:      layout_basic, uniq_grinder, uniq_eustachio, uniq_edmund, uniq_ijyb

Skill      XL: |  1  2  3  4  5  6 |
---------------+-------------------+-----
Fighting       | 4 5 |  5.2
Shields        | 4 5 |  5.2
Armour         | 4 5 |  5.2
Maces & Flails | 3 4 |  4.1

Action                     |  1- 3 |  4- 6 |  7- 9 || total
---------------------------+-------+-------+-------++-------
  Melee: Flail             |    87 |   140 |    32 ||   259
 Armour: Scale mail        |    48 |    58 |    17 ||   123
  Dodge: Dodged            |    47 |    75 |    21 ||   143
  Block: Buckler           |    20 |    23 |     8 ||    51

Table legend: (Time is in decaauts)
 A = Elapsed time spent in this place.
 B = Non-inter-level travel time spent in this place.
 C = Inter-level travel time spent in this place.
 D = Time resting spent in this place.
 E = Time spent auto-exploring this place.
 F = Levels seen in this place.
 G = Mean time per level.
                   A        B        C        D        E       F      G
               +--------+--------+--------+--------+--------+-----+--------+
         Total |   3495 |   3397 |     98 |    118 |   2676 |   4 |  873.8 |
       Dungeon |   3495 |   3397 |     98 |    118 |   2676 |   4 |  873.8 |
               +--------+--------+--------+--------+--------+-----+--------+

Top non-repeatable levels by time:
     D:1: 1120 daAuts
     D:2: 1072 daAuts
     D:3: 1036 daAuts
     D:4: 266 daAuts
